AoeStats
← 739697286

Arena

509628056Analyzed
4v4 RM · 6d ago on Sep 27, 2026· 47m 56s· 8 players
Game mode
Random Map
Map size
Large (8 player)
Population
200
Speed
Normal
Resources
Standard
Victory
Conquest
Starting age
Dark Age
Ending age
Imperial Age
RankedLock teamsTeams togetherTeam positionsShared explorationLock speedFull tech treeHidden civsTurbo modeCheats
Victory
Defeat
🇹🇼 Slavs · Taiwan
1524
+15
🇺🇸 Wei · United States
1511
+15
🇨🇳 Britons · China
1510
+15
🇨🇳 Ethiopians · China
1490
+16
🇨🇳 Cumans · China
1548
-17
🇨🇳 Mapuche · China
1524
-16
🇨🇳 Danes · China
1501
-16
🇨🇳 Danes · China
1405
-12
boo
8:52 Feudal Age
9:18 Double-Bit Axe
9:15 Horse Collar
9:28 Gold Mining
9:57 Stone Mining
16:45 Castle Age
16:08 Bloodlines
18:09 Bow Saw
20:42 Wheelbarrow
20:13 Heavy Plow
23:26 Husbandry
24:48 Hand Cart
25:10 Scale Barding Armor
26:35 Stone Shaft Mining
26:36 Gold Shaft Mining
30:57 Imperial Age
28:13 Loom
28:14 Town Watch
28:40 Forging
31:15 Chain Barding Armor
31:31 Iron Casting
31:15 Tuntian
32:03 Conscription
31:13 Elite Tiger Cavalry
32:39 Crop Rotation
32:30 Treadmill Crane
34:26 Fletching
35:37 Blast Furnace
35:18 Ballistics
35:33 Bodkin Arrow
36:39 Blast Furnace
36:59 Thumb Ring
37:29 Bracer
38:30 Chemistry
37:58 Ming Guang Armor
40:09 Murder Holes
43:29 Parthian Tactics
44:14 Masonry
Jhih
11:35 Feudal Age
13:00 Double-Bit Axe
12:56 Horse Collar
16:17 Castle Age
17:12 Bow Saw
18:05 Heavy Plow
22:21 Loom
23:12 Wheelbarrow
23:18 Gold Mining
23:48 Stone Mining
25:19 Gold Shaft Mining
29:00 Imperial Age
26:52 Scale Mail Armor
27:03 Forging
27:53 Scale Barding Armor
28:19 Hand Cart
28:16 Detinets
29:31 Iron Casting
29:27 Ballistics
29:15 Husbandry
29:25 Bloodlines
29:51 Chain Barding Armor
30:09 Conscription
29:37 Elite Boyar
31:35 Blast Furnace
30:48 Fletching
32:00 Chemistry
32:24 Plate Barding Armor
33:24 Hoardings
36:25 Fletching
36:46 Masonry
38:12 Bodkin Arrow
44:23 Man-at-Arms
45:04 Squires
45:20 Chain Mail Armor
45:42 Long Swordsman
46:53 Plate Mail Armor
46:17 Two-Handed Swordsman
47:13 Murder Holes
47:24 Siege Engineers
47:08 Champion
739697286
11:20 Feudal Age
12:05 Double-Bit Axe
12:22 Horse Collar
14:59 Castle Age
13:07 Loom
16:02 Heavy Plow
16:14 Bow Saw
21:01 Wheelbarrow
22:12 Gold Mining
23:33 Stone Mining
24:19 Gold Shaft Mining
24:01 Town Watch
25:12 Stone Shaft Mining
26:50 Forging
26:40 Scale Mail Armor
26:50 Forging
26:40 Scale Mail Armor
26:50 Forging
26:31 Fletching
29:37 Imperial Age
26:40 Crossbowman
28:17 Iron Casting
28:19 Squires
28:49 Chain Mail Armor
29:01 Hand Cart
30:46 Padded Archer Armor
31:56 Chemistry
31:00 Bodkin Arrow
31:17 Thumb Ring
31:17 Arbalester
33:04 Conscription
34:01 Bracer
36:04 Leather Archer Armor
36:49 Blast Furnace
36:20 Plate Mail Armor
35:41 Man-at-Arms
38:16 Long Swordsman
38:59 Two-Handed Swordsman
40:53 Blast Furnace
40:23 Plate Mail Armor
40:53 Blast Furnace
40:23 Plate Mail Armor
40:54 Blast Furnace
40:25 Ring Archer Armor
41:16 Ballistics
41:08 Masonry
41:49 Scale Barding Armor
41:39 Elite Skirmisher
chenst2020
10:40 Feudal Age
10:49 Loom
15:36 Castle Age
14:02 Double-Bit Axe
19:05 Castle Age
19:16 Gold Mining
26:07 Bow Saw
26:24 Fletching
33:27 Wheelbarrow
36:46 Hand Cart
40:55 Gold Shaft Mining
40:01 Horse Collar
40:12 Stone Mining
47:10 Imperial Age
45:02 Scale Mail Armor
45:13 Forging
45:09 Man-at-Arms
45:35 Gambesons
46:07 Chain Mail Armor
46:25 Squires
46:11 Arson
46:29 Long Swordsman
47:46 Iron Casting
47:14 Two-Handed Swordsman
48:26 Plate Mail Armor
箜声
10:03 Feudal Age
13:42 Castle Age
11:41 Double-Bit Axe
12:15 Horse Collar
17:17 Bow Saw
23:13 Wheelbarrow
27:42 Imperial Age
25:00 Loom
26:27 Scale Mail Armor
26:37 Forging
26:37 Gold Mining
26:24 Pikeman
27:23 Chain Mail Armor
27:34 Squires
28:12 Heavy Plow
27:48 Halberdier
27:50 Elite Varangian Guard
29:07 Iron Casting
28:04 Capped Ram
29:14 Conscription
29:12 Siege Ram
29:42 Arson
32:47 Iron Casting
32:42 Plate Mail Armor
33:15 Coinage
32:42 Onager
34:45 Blast Furnace
33:19 Hamask
34:50 Banking
34:41 Siege Onager
40:16 Chemistry
40:31 Siege Engineers
42:20 Northmen's Fury
红黑EX
11:13 Feudal Age
12:41 Double-Bit Axe
15:01 Castle Age
13:04 Horse Collar
14:31 Wheelbarrow
16:04 Bow Saw
19:20 Loom
19:56 Stone Mining
24:16 Gold Mining
29:21 Imperial Age
27:35 Heavy Plow
29:08 Gold Shaft Mining
28:49 Scale Mail Armor
28:59 Forging
29:19 Arson
29:24 Capped Ram
30:44 Conscription
30:14 Elite Jomsviking
32:00 Chain Mail Armor
32:21 Iron Casting
32:33 Hand Cart
32:27 Squires
34:37 Plate Mail Armor
36:33 Blast Furnace
35:07 Pikeman
35:35 Halberdier
37:11 Hamask
45:06 Siege Ram
neutron_star
6:22 Loom
8:31 Feudal Age
23:25 Fletching
35:29 Double-Bit Axe
38:31 Castle Age
37:13 Wheelbarrow
37:23 Horse Collar
39:30 Bow Saw
43:35 Gold Mining
46:03 Gold Shaft Mining
45:18 Stone Mining
48:36 Imperial Age
46:48 Hand Cart
ElitePlastic
10:30 Feudal Age
11:18 Town Watch
14:18 Castle Age
12:31 Double-Bit Axe
13:07 Horse Collar
15:46 Bow Saw
16:11 Loom
17:24 Wheelbarrow
22:56 Gold Mining
24:04 Stone Mining
24:15 Heavy Plow
28:33 Imperial Age
26:13 Fletching
26:41 Loom
27:34 Gold Shaft Mining
27:54 Hand Cart
28:17 Ballistics
28:37 Malon
29:28 Butalmapu
29:21 Bodkin Arrow
29:59 Padded Archer Armor
30:41 Conscription
31:36 Chemistry
31:06 Elite Bolas Rider
33:29 Leather Archer Armor
34:41 Ring Archer Armor
37:01 Elite Skirmisher
38:42 Stone Shaft Mining
42:56 Forging
42:08 Pikeman
42:50 Scale Mail Armor
Connection lost

Rejoining the realm…

Still unreachable

The connection could not be restored.

Session expired

The server has moved on; the page needs a fresh start.